[ AOE2 MATCH · #472303300 ]
Team RMJapanese vs Malay
[ REPLAY ANALYSIS · EXTRACTED FROM THE RECORDED GAME ]
Feudal
14:41
Castle
34:35
Imperial
—
| APM avg | 9.3 |
| APM peak | 35 |
| eAPM avg | 5.4 |
| Villagers / military | 29 / 0 |
Focus
⚔️ 4.6% · 🌾 95.4%
Feudal
—
Castle
—
Imperial
—
| APM avg | 0.1 |
| APM peak | 3 |
| eAPM avg | 0.1 |
| Villagers / military | 0 / 0 |
Feudal
11:24
Castle
20:36
Imperial
32:44
| APM avg | 16.4 |
| APM peak | 46 |
| eAPM avg | 7.7 |
| Villagers / military | 50 / 15 |
Focus
⚔️ 17.4% · 🌾 82.6%
Hand Cannoneer ×13 · Fishing Ship ×6 · Monk ×2
Feudal
—
Castle
—
Imperial
—
| APM avg | 1.5 |
| APM peak | 28 |
| eAPM avg | 0.3 |
| Villagers / military | 0 / 0 |
Focus
⚔️ 0.0% · 🌾 100.0%
Feudal
10:50
Castle
24:42
Imperial
34:55
| APM avg | 8.8 |
| APM peak | 33 |
| eAPM avg | 5.4 |
| Villagers / military | 45 / 31 |
Focus
⚔️ 13.7% · 🌾 86.3%
Militia ×30 · Scout Cavalry ×1
Feudal
—
Castle
—
Imperial
—
| APM avg | 1.2 |
| APM peak | 12 |
| eAPM avg | 0.2 |
| Villagers / military | 0 / 0 |
Focus
⚔️ 25.0% · 🌾 75.0%
Feudal
—
Castle
—
Imperial
—
| APM avg | 18.9 |
| APM peak | 198 |
| eAPM avg | 15.7 |
| Villagers / military | 78 / 21 |
Focus
⚔️ 8.8% · 🌾 91.2%
Spearman ×14 · Trade Cart ×14 · Monk ×6 · Scout Cavalry ×1
Feudal
—
Castle
—
Imperial
—
| APM avg | 0.1 |
| APM peak | 4 |
| eAPM avg | 0.1 |
| Villagers / military | 0 / 0 |
Match map
Initial resources + every placement click. Lines = walls · curves = elevation contours. ◆ gold · ⬟ stone · ● berries · ✦ relic · ◌ wall gap
Your base· ✓ Map-separated
Bommen berend's base· Open — 14t gap
dümbük9's base· Open — unwalled flank
千早灌世音's base· Open — unwalled flank
El Beigar's base· Open — 6t gap
sada613's base· ✓ Map-separated
D-Xbeck's base· Open — 9t gap
593009362's base· ✓ Map-separated
Smoothed initial terrain · ◌ = detected wall gap · hover for details
Inputs per minute
— Lukrat - - Bommen berend
Build order — Lukrat
79 actions detected in the replay
| 2:11 | Build | Town Center |
| 3:51 | Build | House |
| 4:43 | Build | House |
| 6:54 | Create | Villager (Male) |
| 6:54 | Create | Villager (Male) |
| 6:55 | Create | Villager (Male) |
| 6:55 | Create | Villager (Male) |
| 6:56 | Research | Loom |
| 7:07 | Build | House |
| 7:12 | Build | House |
| 7:24 | Build | Lumber Camp |
| 8:36 | Build | House |
| 8:41 | Create | Villager (Male) |
| 8:41 | Create | Villager (Male) |
| 8:41 | Create | Villager (Male) |
| 9:20 | Build | Barracks |
| 9:31 | Create | Villager (Male) |
| 9:32 | Create | Villager (Male) |
| 9:32 | Create | Villager (Male) |
| 9:44 | Build | Lumber Camp |
| 9:59 | Build | House |
| 11:06 | Create | Villager (Male) |
| 11:06 | Create | Villager (Male) |
| 11:08 | Create | Villager (Male) |
| 12:19 | Build | Mining Camp |
| 12:29 | Build | Mining Camp |
| 12:31 | Research | Feudal Age |
| 13:19 | Build | Dock |
| 14:41 | Age | Feudal Age |
| 14:44 | Research | Wheelbarrow |
| 14:46 | Research | Double-Bit Axe |
| 16:34 | Build | Watch Tower |
| 16:41 | Create | Villager (Male) |
| 16:41 | Create | Villager (Male) |
| 16:42 | Create | Villager (Male) |
| 16:42 | Create | Villager (Male) |
| 16:44 | Create | Villager (Male) |
| 17:12 | Build | Watch Tower |
| 17:43 | Build | Palisade Wall |
| 17:50 | Build | Palisade Wall |
| 18:03 | Build | Palisade Wall |
| 18:09 | Build | Palisade Wall |
| 19:03 | Create | Villager (Male) |
| 19:04 | Create | Villager (Male) |
| 19:04 | Create | Villager (Male) |
| 19:04 | Create | Villager (Male) |
| 19:05 | Create | Villager (Male) |
| 19:56 | Build | Outpost |
| 19:59 | Build | Outpost |
| 20:03 | Build | Outpost |
| 20:06 | Build | Outpost |
| 20:09 | Build | Outpost |
| 20:12 | Build | Outpost |
| 20:14 | Build | Outpost |
| 20:18 | Build | Outpost |
| 20:24 | Build | Outpost |
| 21:18 | Research | Town Watch |
| 22:43 | Create | Villager (Male) |
| 22:44 | Create | Villager (Male) |
| 22:44 | Create | Villager (Male) |
| 22:45 | Create | Villager (Male) |
| 22:45 | Create | Villager (Male) |
| 22:45 | Create | Villager (Male) |
| 22:57 | Build | House |
| 23:00 | Build | House |
| 23:05 | Build | House |
| 23:10 | Build | Blacksmith |
| 31:04 | Build | Archery Range |
| 31:51 | Build | Mill |
| 31:55 | Research | Castle Age |
| 34:35 | Age | Castle Age |
| 34:59 | Build | Market |
| 35:46 | Build | Castle |
| 38:49 | Research | Bow Saw |
| 39:12 | Build | Farm |
| 39:19 | Build | Farm |
| 39:21 | Build | Farm |
| 39:23 | Build | Farm |
| 41:47 | Research | Imperial Age |
Build order — Bommen berend
0 actions detected in the replay
Build order — dümbük9
First 150 of 186 actions detected
| 1:18 | Build | Town Center |
| 3:29 | Create | Villager (Male) |
| 3:48 | Build | House |
| 3:50 | Build | House |
| 3:52 | Build | House |
| 4:01 | Create | Villager (Male) |
| 5:01 | Create | Villager (Male) |
| 6:05 | Build | Dock |
| 7:47 | Build | Lumber Camp |
| 8:08 | Create | Fishing Ship |
| 9:14 | Research | Feudal Age |
| 11:24 | Age | Feudal Age |
| 11:44 | Research | Double-Bit Axe |
| 11:46 | Research | Wheelbarrow |
| 11:48 | Create | Villager (Male) |
| 11:48 | Create | Villager (Male) |
| 11:48 | Create | Villager (Male) |
| 12:14 | Build | Mining Camp |
| 13:29 | Build | Fish Trap |
| 14:14 | Build | Barracks |
| 14:21 | Create | Villager (Male) |
| 14:21 | Create | Villager (Male) |
| 14:21 | Create | Villager (Male) |
| 15:09 | Build | House |
| 15:10 | Build | House |
| 15:15 | Build | House |
| 15:37 | Build | Blacksmith |
| 16:13 | Create | Villager (Male) |
| 16:13 | Create | Villager (Male) |
| 17:01 | Build | Archery Range |
| 17:10 | Build | Mining Camp |
| 17:12 | Create | Villager (Male) |
| 17:26 | Create | Fishing Ship |
| 17:56 | Research | Castle Age |
| 18:14 | Build | Fish Trap |
| 18:34 | Build | Mill |
| 19:55 | Build | Farm |
| 20:06 | Build | Farm |
| 20:06 | Build | Farm |
| 20:06 | Build | Farm |
| 20:26 | Build | Farm |
| 20:27 | Build | Farm |
| 20:36 | Age | Castle Age |
| 20:48 | Build | Farm |
| 21:32 | Build | Market |
| 21:50 | Build | Monastery |
| 21:58 | Create | Villager (Male) |
| 21:58 | Create | Villager (Male) |
| 22:02 | Research | Bow Saw |
| 22:06 | Research | Horse Collar |
| 22:22 | Create | Villager (Male) |
| 22:31 | Create | Monk |
| 23:51 | Build | Town Center |
| 23:59 | Create | Monk |
| 24:25 | Build | Farm |
| 24:26 | Build | Farm |
| 24:26 | Build | Farm |
| 25:51 | Build | University |
| 26:02 | Create | Villager (Male) |
| 26:02 | Create | Villager (Male) |
| 26:06 | Research | Hand Cart |
| 26:09 | Research | Loom |
| 26:10 | Create | Villager (Male) |
| 26:11 | Create | Villager (Male) |
| 26:23 | Build | Farm |
| 26:24 | Build | Farm |
| 27:32 | Create | Villager (Male) |
| 27:33 | Create | Villager (Male) |
| 27:33 | Create | Villager (Male) |
| 27:33 | Create | Villager (Male) |
| 27:42 | Build | Farm |
| 28:04 | Build | Farm |
| 28:08 | Create | Villager (Male) |
| 28:08 | Create | Villager (Male) |
| 28:08 | Create | Villager (Male) |
| 28:33 | Build | House |
| 28:35 | Build | House |
| 28:37 | Build | House |
| 28:39 | Build | House |
| 28:40 | Build | House |
| 28:43 | Build | House |
| 28:47 | Build | House |
| 28:48 | Build | House |
| 28:49 | Build | House |
| 28:51 | Build | House |
| 29:20 | Research | Fervor |
| 29:34 | Research | Imperial Age |
| 29:48 | Build | House |
| 29:50 | Build | House |
| 29:51 | Build | House |
| 29:52 | Build | House |
| 29:54 | Build | House |
| 29:55 | Build | House |
| 29:56 | Build | House |
| 30:55 | Build | Farm |
| 30:58 | Build | Farm |
| 31:10 | Build | Farm |
| 31:16 | Build | Farm |
| 31:25 | Create | Fishing Ship |
| 31:25 | Create | Fishing Ship |
| 31:25 | Create | Fishing Ship |
| 31:26 | Create | Fishing Ship |
| 32:44 | Age | Imperial Age |
| 33:02 | Research | Chemistry |
| 33:20 | Build | Mining Camp |
| 33:30 | Create | Villager (Male) |
| 33:30 | Create | Villager (Male) |
| 33:30 | Create | Villager (Male) |
| 33:31 | Create | Villager (Male) |
| 33:31 | Create | Villager (Male) |
| 33:33 | Create | Villager (Male) |
| 33:33 | Create | Villager (Male) |
| 33:38 | Create | Villager (Male) |
| 33:39 | Create | Villager (Male) |
| 33:39 | Create | Villager (Male) |
| 33:39 | Create | Villager (Male) |
| 33:39 | Create | Villager (Male) |
| 33:46 | Build | House |
| 33:48 | Build | House |
| 33:57 | Build | House |
| 33:59 | Build | House |
| 34:01 | Build | House |
| 34:02 | Build | House |
| 36:00 | Build | Feitoria |
| 36:58 | Create | Villager (Male) |
| 36:58 | Create | Villager (Male) |
| 36:58 | Create | Villager (Male) |
| 36:58 | Create | Villager (Male) |
| 37:01 | Create | Villager (Male) |
| 37:02 | Create | Villager (Male) |
| 37:02 | Create | Villager (Male) |
| 38:18 | Research | Scale Barding Armor |
| 38:19 | Research | Scale Mail Armor |
| 38:20 | Research | Forging |
| 38:20 | Research | Fletching |
| 38:21 | Research | Padded Archer Armor |
| 38:29 | Create | Hand Cannoneer |
| 38:29 | Create | Hand Cannoneer |
| 38:29 | Create | Hand Cannoneer |
| 38:29 | Create | Hand Cannoneer |
| 38:30 | Create | Hand Cannoneer |
| 38:30 | Create | Hand Cannoneer |
| 38:30 | Create | Hand Cannoneer |
| 38:31 | Create | Hand Cannoneer |
| 38:31 | Create | Hand Cannoneer |
| 38:31 | Create | Hand Cannoneer |
| 38:31 | Create | Hand Cannoneer |
| 38:32 | Create | Hand Cannoneer |
| 38:32 | Create | Hand Cannoneer |
| 38:40 | Research | Ballistics |
Build order — 千早灌世音
0 actions detected in the replay
Build order — El Beigar
82 actions detected in the replay
| 1:56 | Build | Town Center |
| 3:37 | Create | Villager (Male) ×4 |
| 3:38 | Create | Villager (Male) ×4 |
| 3:38 | Create | Villager (Male) ×4 |
| 3:38 | Create | Villager (Male) ×4 |
| 4:30 | Create | Villager (Male) |
| 4:30 | Create | Villager (Male) |
| 4:31 | Create | Villager (Male) |
| 4:31 | Create | Villager (Male) |
| 4:52 | Research | Loom |
| 5:02 | Create | Villager (Male) |
| 5:02 | Create | Villager (Male) |
| 5:02 | Create | Villager (Male) |
| 5:16 | Create | Villager (Male) |
| 5:16 | Create | Villager (Male) |
| 5:26 | Build | Lumber Camp |
| 6:00 | Create | Villager (Male) |
| 6:00 | Create | Villager (Male) |
| 6:00 | Create | Villager (Male) |
| 6:01 | Create | Villager (Male) |
| 6:01 | Create | Villager (Male) |
| 6:25 | Create | Villager (Male) |
| 6:26 | Create | Villager (Male) |
| 6:26 | Create | Villager (Male) |
| 6:26 | Create | Villager (Male) |
| 6:56 | Build | Mining Camp |
| 7:14 | Build | Mill |
| 8:40 | Research | Feudal Age |
| 9:15 | Create | Villager (Male) |
| 10:29 | Build | Lumber Camp |
| 10:50 | Age | Feudal Age |
| 11:37 | Build | Barracks |
| 11:46 | Build | Blacksmith |
| 11:48 | Create | Villager (Male) ×5 |
| 13:01 | Build | Mill |
| 13:07 | Research | Man-at-Arms (upgrade) |
| 13:08 | Research | Arson |
| 13:20 | Research | Forging |
| 13:21 | Research | Scale Mail Armor |
| 13:53 | Create | Villager (Male) |
| 13:58 | Build | Market |
| 14:16 | Create | Villager (Male) |
| 14:16 | Create | Villager (Male) |
| 14:17 | Create | Villager (Male) |
| 14:47 | Create | Militia ×3 |
| 15:21 | Build | Barracks |
| 15:49 | Create | Villager (Male) |
| 16:10 | Build | Barracks |
| 16:22 | Create | Militia ×5 |
| 16:53 | Create | Militia |
| 16:55 | Create | Militia |
| 17:05 | Build | Barracks |
| 17:08 | Create | Militia ×3 |
| 17:08 | Create | Militia ×3 |
| 17:34 | Create | Militia ×4 |
| 17:34 | Create | Militia ×4 |
| 17:44 | Build | Mill |
| 18:30 | Create | Militia ×2 |
| 18:30 | Create | Militia ×2 |
| 18:30 | Create | Militia ×2 |
| 22:02 | Research | Castle Age |
| 24:18 | Build | Mill |
| 24:42 | Age | Castle Age |
| 24:45 | Build | Monastery |
| 24:48 | Build | University |
| 25:38 | Build | Lumber Camp |
| 25:46 | Build | Mining Camp |
| 26:10 | Build | Mining Camp |
| 26:42 | Research | Stone Mining |
| 28:00 | Research | Wheelbarrow |
| 29:33 | Build | Mining Camp |
| 30:30 | Build | Mining Camp |
| 31:37 | Build | Lumber Camp |
| 31:45 | Research | Imperial Age |
| 33:09 | Build | Mining Camp |
| 33:20 | Build | Castle |
| 34:55 | Age | Imperial Age |
| 35:40 | Build | Mill |
| 36:22 | Build | Mining Camp |
| 39:29 | Research | Spies/Treason |
| 40:23 | Build | Stable |
| 41:24 | Create | Scout Cavalry |
Build order — sada613
1 actions detected in the replay
| 1:32 | Build | Town Center |
Build order — D-Xbeck
First 150 of 311 actions detected
| 1:03 | Build | Town Center |
| 2:51 | Create | Villager (Male) ×4 |
| 2:51 | Create | Villager (Male) ×4 |
| 2:51 | Create | Villager (Male) ×4 |
| 2:54 | Research | Loom |
| 3:02 | Build | House |
| 3:06 | Build | House |
| 3:08 | Build | House |
| 3:13 | Build | House |
| 3:18 | Build | House |
| 4:17 | Create | Villager (Male) ×2 |
| 4:17 | Create | Villager (Male) ×2 |
| 4:38 | Create | Villager (Male) |
| 4:38 | Create | Villager (Male) |
| 4:38 | Create | Villager (Male) |
| 4:39 | Create | Villager (Male) |
| 6:20 | Create | Villager (Male) ×4 |
| 6:20 | Create | Villager (Male) ×4 |
| 6:57 | Create | Villager (Male) |
| 6:58 | Create | Villager (Male) |
| 6:58 | Create | Villager (Male) |
| 7:12 | Build | House |
| 7:47 | Create | Villager (Male) ×2 |
| 9:35 | Build | Barracks |
| 9:41 | Build | Barracks |
| 9:44 | Build | Barracks |
| 9:48 | Build | Barracks |
| 10:00 | Build | Mill |
| 10:20 | Build | Mill |
| 10:34 | Create | Villager (Male) |
| 10:34 | Create | Villager (Male) |
| 10:34 | Create | Villager (Male) |
| 10:35 | Create | Villager (Male) |
| 11:51 | Build | Mining Camp |
| 12:03 | Build | Mining Camp |
| 12:07 | Research | Feudal Age |
| 12:43 | Create | Villager (Male) |
| 13:09 | Build | House |
| 13:21 | Build | House |
| 13:40 | Build | Mill |
| 14:08 | Create | Villager (Male) ×5 |
| 15:03 | Create | Villager (Male) |
| 15:03 | Create | Villager (Male) |
| 15:08 | Create | Villager (Male) |
| 15:36 | Build | House |
| 17:38 | Build | Barracks |
| 17:42 | Build | Barracks |
| 17:44 | Build | Barracks |
| 17:54 | Build | Blacksmith |
| 18:21 | Create | Villager (Male) ×5 |
| 18:23 | Create | Villager (Male) |
| 18:40 | Create | Spearman |
| 18:41 | Create | Spearman |
| 18:41 | Create | Spearman |
| 18:41 | Create | Spearman |
| 18:41 | Create | Spearman |
| 18:42 | Create | Spearman |
| 18:44 | Create | Spearman |
| 18:46 | Create | Spearman |
| 18:46 | Create | Spearman |
| 18:46 | Create | Spearman |
| 18:46 | Create | Spearman |
| 18:46 | Create | Spearman |
| 18:47 | Create | Spearman |
| 18:48 | Create | Spearman |
| 18:52 | Research | Scale Mail Armor |
| 18:53 | Research | Forging |
| 19:09 | Build | House |
| 19:15 | Build | House |
| 19:37 | Build | House |
| 19:39 | Build | House |
| 19:41 | Build | House |
| 19:43 | Build | House |
| 19:49 | Build | House |
| 19:52 | Build | House |
| 20:12 | Build | Stable |
| 20:22 | Build | Mill |
| 20:50 | Research | Gold Mining |
| 20:54 | Research | Stone Mining |
| 20:56 | Research | Castle Age |
| 21:35 | Build | Lumber Camp |
| 21:49 | Build | Market |
| 23:08 | Create | Scout Cavalry |
| 23:11 | Research | Bloodlines |
| 23:36 | Research | Double-Bit Axe |
| 23:43 | Research | Horse Collar |
| 23:56 | Build | University |
| 24:07 | Build | Monastery |
| 24:18 | Research | Squires |
| 24:40 | Build | Farm |
| 24:47 | Build | Farm |
| 24:57 | Create | Monk |
| 24:57 | Create | Monk |
| 24:57 | Create | Monk |
| 25:13 | Build | Mining Camp |
| 25:22 | Build | Mining Camp |
| 25:31 | Build | Farm |
| 25:31 | Build | Farm |
| 25:32 | Build | Farm |
| 25:33 | Build | Farm |
| 25:37 | Build | Farm |
| 26:34 | Build | Mill |
| 27:13 | Research | Stone Shaft Mining |
| 28:00 | Build | Mining Camp |
| 28:56 | Build | Farm |
| 28:57 | Build | Farm |
| 28:57 | Build | Farm |
| 28:58 | Build | Farm |
| 29:01 | Build | Farm |
| 29:03 | Build | Farm |
| 29:04 | Build | Farm |
| 30:04 | Create | Monk |
| 30:35 | Build | Castle |
| 31:47 | Create | Monk |
| 31:48 | Create | Monk |
| 32:20 | Build | Town Center |
| 32:26 | Build | Town Center |
| 32:27 | Create | Villager (Male) ×5 |
| 32:28 | Create | Villager (Male) ×5 |
| 32:32 | Research | Chain Mail Armor |
| 32:33 | Research | Iron Casting |
| 33:49 | Build | Barracks |
| 33:53 | Build | Barracks |
| 33:54 | Build | Barracks |
| 33:56 | Build | Barracks |
| 33:57 | Build | Barracks |
| 33:59 | Build | Barracks |
| 34:00 | Build | Barracks |
| 34:01 | Build | Barracks |
| 34:03 | Build | Barracks |
| 34:05 | Build | Barracks |
| 34:06 | Build | Barracks |
| 34:10 | Create | Villager (Male) |
| 34:10 | Create | Villager (Male) |
| 34:10 | Create | Villager (Male) |
| 34:10 | Create | Villager (Male) |
| 34:10 | Create | Villager (Male) |
| 34:10 | Create | Villager (Male) |
| 34:10 | Create | Villager (Male) |
| 34:10 | Create | Villager (Male) |
| 34:11 | Create | Villager (Male) |
| 34:11 | Create | Villager (Male) |
| 34:11 | Create | Villager (Male) |
| 34:11 | Create | Villager (Male) |
| 34:11 | Create | Villager (Male) |
| 34:11 | Create | Villager (Male) |
| 34:11 | Create | Villager (Male) |
| 34:11 | Create | Villager (Male) |
| 34:22 | Create | Trade Cart |
| 34:22 | Create | Trade Cart |
Build order — 593009362
0 actions detected in the replay
Match timeline
| 0:06 | Bommen berend · resign |
| 6:05 | dümbük9 · first_building Dock |
| 9:20 | Lukrat · first_building Barracks |
| 9:35 | D-Xbeck · first_building Barracks |
| 10:50 | El Beigar · age_up feudal |
| 11:24 | dümbük9 · age_up feudal |
| 11:37 | El Beigar · first_building Barracks |
| 13:19 | Lukrat · first_building Dock |
| 14:14 | dümbük9 · first_building Barracks |
| 14:41 | Lukrat · age_up feudal |
| 17:01 | dümbük9 · first_building Archery Range |
| 17:43 | Lukrat · wall_segment Palisade Wall x8 |
| 17:50 | Lukrat · wall_segment Palisade Wall x6 |
| 18:03 | Lukrat · wall_segment Palisade Wall x1 |
| 18:09 | Lukrat · wall_segment Palisade Wall x1 |
| 20:12 | D-Xbeck · first_building Stable |
| 20:36 | dümbük9 · age_up castle |
| 21:00 | El Beigar · first_market_sell 500 wood |
| 21:02 | El Beigar · first_market_buy 100 food |
| 21:50 | dümbük9 · first_building Monastery |
| 24:07 | D-Xbeck · first_building Monastery |
| 24:42 | El Beigar · age_up castle |
| 24:45 | El Beigar · first_building Monastery |
| 30:35 | D-Xbeck · first_building Castle |
| 31:04 | Lukrat · first_building Archery Range |
| 32:44 | dümbük9 · age_up imperial |
| 33:20 | El Beigar · first_building Castle |
| 34:35 | Lukrat · age_up castle |
| 34:55 | El Beigar · age_up imperial |
| 35:23 | Lukrat · first_market_sell 100 stone |
| 35:33 | Lukrat · first_market_buy 100 stone |
| 35:43 | dümbük9 · first_market_buy 100 stone |
| 35:46 | Lukrat · first_building Castle |
| 40:23 | El Beigar · first_building Stable |
[ AI ANALYSIS · 1 CREDIT ]
What really happened in this match?
Wolo.gg analyzes every decision: build order, eco, micro, common mistakes by bracket. Personalized analysis on WhatsApp or Discord in 30 seconds.
Civ guide
Japanese
Map guide
MegaRandom
Perfil
Lukrat